TOP OF THE 1ST |
Salem-Keizer Volcanoes batting - Pitching for Rome Braves : LHP Joey Dover
|
Pitching: LHP Joey Dover
|
|
Batting: LHB Pat Aviles
|
0-0: Ball 1-0: Called Strike 1-1: Foul Ball, location: 2F 1-2: Strikes out swinging
|
Batting: LHB Gil Caraveo
|
0-0: Ball 1-0: DOUBLE (Flyball, 8LXD, EV 104.4 MPH)
|
Batting: RHB Justin Layton
|
0-0: Called Strike 0-1: Ball 1-1: Called Strike 1-2: Ball 2-2: Strikes out swinging
|
Batting: LHB Al Hernandez
|
0-0: Ball 1-0: Ball 2-0: Ball 3-0: Called Strike 3-1: Base on Balls
|
Batting: RHB Gabe Ochoa
|
0-0: DOUBLE (Line Drive, 7LS, EV 106.9 MPH) Gil Caraveo scores Al Hernandez to third Runner from 3rd tries for Home, SAFE, throw by LF to trailing runner, SAFE at third!
|
Batting: LHB Ryan Anderson
|
0-0: Called Strike 0-1: Ball 1-1: Ball 2-1: Foul Ball, location: 2F 2-2: Ground out 3-1 (Groundball, 34S, EV 81.9 MPH)
|
Top of the 1st over - 2 runs, 2 hits, 0 errors, 1 left on base; Salem-Keizer 2 - Rome 0 |
BOTTOM OF THE 1ST |
Rome Braves batting - Pitching for Salem-Keizer Volcanoes : RHP Brian Yinger
|
Pitching: RHP Brian Yinger
|
|
Batting: LHB Tsutomu Miyahara
|
0-0: Ball 1-0: Ball 2-0: Called Strike 2-1: Swinging Strike 2-2: Ball 3-2: Strikes out swinging
|
Batting: RHB Brandon Burrell
|
0-0: Ball 1-0: Called Strike 1-1: Fly out, F9 (Flyball, 9S, EV 90.0 MPH)
|
Batting: RHB Ike Trout
|
0-0: Ball 1-0: Ball 2-0: Ball 3-0: Base on Balls
|
Batting: LHB Javier Rubio
|
0-0: Ball 1-0: Called Strike Ike Trout steals 2nd base 1-1: Ball 2-1: SINGLE (Line Drive, 6MD, EV 108.8 MPH) Ike Trout to third Throwing error, E8 Ike Trout scores Javier Rubio to second
|
Batting: RHB Jose Ramos
|
0-0: Called Strike 0-1: Ground out 5-3 (Groundball, 56, EV 96.3 MPH)
|
Bottom of the 1st over - 1 run, 1 hit, 1 error, 1 left on base; Salem-Keizer 2 - Rome 1 |
TOP OF THE 2ND |
Salem-Keizer Volcanoes batting - Pitching for Rome Braves : LHP Joey Dover
|
Batting: RHB Alfredo Lemus
|
0-0: Ball 1-0: DOUBLE (Line Drive, 78D, EV 109.4 MPH)
|
Batting: RHB Ryan Johnston
|
0-0: Called Strike 0-1: Ball 1-1: Foul Ball, location: 2F 1-2: Ground out 1-3 (Groundball, 15S, EV 63.1 MPH)
|
Batting: RHB Willie Sanchez
|
0-0: Called Strike 0-1: Ball 1-1: Fly out, F9 (Flyball, 9LD, EV 94.4 MPH) Runner from 2nd tags up, SAFE at 3rd, no throw by RF
|
Batting: LHB Pat Aviles
|
0-0: Ball Balk! Alfredo Lemus scores 1-0: Ball 2-0: Called Strike 2-1: Fly out, F7 (Line Drive, 7D, EV 96.3 MPH)
|
Top of the 2nd over - 1 run, 1 hit, 0 errors, 0 left on base; Salem-Keizer 3 - Rome 1 |
BOTTOM OF THE 2ND |
Rome Braves batting - Pitching for Salem-Keizer Volcanoes : RHP Brian Yinger
|
Batting: RHB Peter Wheeler
|
0-0: Ball 1-0: Fly out, F4 (Flyball, 4MD, EV 85.0 MPH)
|
Batting: RHB David Zelaya
|
0-0: Ball 1-0: Called Strike 1-1: Swinging Strike 1-2: Ball 2-2: Foul Ball, location: 2F 2-2: Strikes out looking
|
Batting: LHB Malik Boulay
|
0-0: Ball 1-0: Called Strike 1-1: Called Strike 1-2: Ball 2-2: Foul Ball, location: 2F 2-2: Ground out 4-3 (Groundball, 4, EV 81.9 MPH)
|
Bottom of the 2nd over - 0 runs, 0 hits, 0 errors, 0 left on base; Salem-Keizer 3 - Rome 1 |
TOP OF THE 3RD |
Salem-Keizer Volcanoes batting - Pitching for Rome Braves : LHP Joey Dover
|
Batting: LHB Gil Caraveo
|
0-0: Called Strike 0-1: Ball 1-1: Fly out, F9 (Flyball, 9LM, EV 83.8 MPH)
|
Batting: RHB Justin Layton
|
0-0: Called Strike 0-1: Ball 1-1: Called Strike 1-2: Ground out 5-3 (Groundball, 56, EV 81.9 MPH)
|
Batting: LHB Al Hernandez
|
0-0: Ball 1-0: Fly out, F8 (Flyball, 8RD, EV 91.9 MPH)
|
Top of the 3rd over - 0 runs, 0 hits, 0 errors, 0 left on base; Salem-Keizer 3 - Rome 1 |
BOTTOM OF THE 3RD |
Rome Braves batting - Pitching for Salem-Keizer Volcanoes : RHP Brian Yinger
|
Batting: RHB Adrian Billups
|
0-0: Called Strike 0-1: Foul Ball, location: 2F 0-2: Ground out 5-3 (Groundball, 56S, EV 84.4 MPH)
|
Batting: LHB Tsutomu Miyahara
|
0-0: Ball 1-0: Foul Ball, location: 2F 1-1: Foul Ball, location: 2F 1-2: Ball 2-2: Foul Ball, location: 2F 2-2: Foul Ball, location: 2F 2-2: Ball 3-2: Foul Ball, location: 2F 3-2: Foul Ball, location: 2F 3-2: Foul Ball, location: 2F 3-2: Base on Balls
|
Batting: RHB Brandon Burrell
|
0-0: Ball Tsutomu Miyahara is caught stealing 2nd base 2-4 1-0: SINGLE (Groundball, 56D, EV 102.5 MPH)
|
Batting: RHB Ike Trout
|
0-0: Called Strike 0-1: Ball 1-1: Ball 2-1: Foul Ball, location: 2F 2-2: Ball 3-2: Foul Ball, location: 2F 3-2: Ground out 5-3 (Groundball, 5S, EV 78.1 MPH)
|
Bottom of the 3rd over - 0 runs, 1 hit, 0 errors, 1 left on base; Salem-Keizer 3 - Rome 1 |
TOP OF THE 4TH |
Salem-Keizer Volcanoes batting - Pitching for Rome Braves : LHP Joey Dover
|
Batting: RHB Gabe Ochoa
|
0-0: Foul Ball, location: 2F 0-1: Swinging Strike 0-2: Ground out 6-3 (Groundball, 6S, EV 84.4 MPH)
|
Batting: LHB Ryan Anderson
|
0-0: Ball 1-0: Called Strike 1-1: Ball 2-1: Called Strike 2-2: Foul Ball, location: 2F 2-2: Ball 3-2: Base on Balls
|
Batting: RHB Alfredo Lemus
|
0-0: Foul Ball, location: 2F 0-1: Ball 1-1: Ball 2-1: Ball 3-1: Base on Balls Ryan Anderson to second
|
Batting: RHB Ryan Johnston
|
0-0: Foul Ball, location: 2F 0-1: SINGLE (Groundball, 56D, EV 101.9 MPH) Ryan Anderson to third Alfredo Lemus to second Runner from 3rd tries for Home, SAFE, throw by LF to home
|
Batting: RHB Willie Sanchez
|
0-0: SINGLE (Groundball, 4S, EV 71.3 MPH) (infield hit) Alfredo Lemus to third Ryan Johnston to second
|
Batting: LHB Pat Aviles
|
0-0: Ball Wild Pitch! Alfredo Lemus scores Ryan Johnston to third Willie Sanchez to second 1-0: Ground out 4-3 (Groundball, 4M, EV 91.3 MPH) Ryan Johnston scores Willie Sanchez to third
|
Pitching: RHP Omar Orosco
|
|
Batting: LHB Gil Caraveo
|
0-0: Ball 1-0: Ball 2-0: Called Strike 2-1: Called Strike 2-2: Strikes out swinging
|
Top of the 4th over - 3 runs, 2 hits, 0 errors, 1 left on base; Salem-Keizer 6 - Rome 1 |
BOTTOM OF THE 4TH |
Rome Braves batting - Pitching for Salem-Keizer Volcanoes : RHP Brian Yinger
|
Batting: LHB Javier Rubio
|
0-0: Foul Ball, location: 2F 0-1: DOUBLE (Line Drive, 7LS, EV 86.9 MPH)
|
Batting: RHB Jose Ramos
|
0-0: Fly out, F9 (Flyball, 9D, EV 98.1 MPH) Runner from 2nd tags up, SAFE at 3rd, no throw by RF
|
Batting: RHB Peter Wheeler
|
0-0: Ground out 6-3 (Groundball, 6, EV 88.8 MPH) Javier Rubio scores
|
Batting: RHB David Zelaya
|
0-0: SINGLE (Groundball, 56D, EV 104.4 MPH)
|
Batting: LHB Malik Boulay
|
0-0: Called Strike 0-1: Ground out 4-3 (Groundball, 4, EV 85.0 MPH)
|
Bottom of the 4th over - 1 run, 2 hits, 0 errors, 1 left on base; Salem-Keizer 6 - Rome 2 |
TOP OF THE 5TH |
Salem-Keizer Volcanoes batting - Pitching for Rome Braves : RHP Omar Orosco
|
Batting: RHB Justin Layton
|
0-0: Foul Ball, location: 2F 0-1: Ball 1-1: Foul Ball, location: 2F 1-2: Ball 2-2: Ground out 5-3 (Groundball, 56, EV 110.0 MPH)
|
Batting: LHB Al Hernandez
|
0-0: Foul Ball, location: 2F 0-1: Ground out 4-3 (Groundball, 4, EV 98.8 MPH)
|
Batting: RHB Gabe Ochoa
|
0-0: Ground out 1-3 (Groundball, 15S, EV 67.5 MPH)
|
Top of the 5th over - 0 runs, 0 hits, 0 errors, 0 left on base; Salem-Keizer 6 - Rome 2 |
BOTTOM OF THE 5TH |
Rome Braves batting - Pitching for Salem-Keizer Volcanoes : RHP Brian Yinger
|
Batting: RHB Adrian Billups
|
0-0: Called Strike 0-1: SINGLE (Groundball, 4MD, EV 101.3 MPH)
|
Batting: LHB Tsutomu Miyahara
|
0-0: Swinging Strike 0-1: Ball Adrian Billups steals 2nd base 1-1: Ground out U3 (Groundball, 34, EV 80.0 MPH) Adrian Billups to third
|
Batting: RHB Brandon Burrell
|
0-0: DOUBLE (Line Drive, 78D, EV 105.6 MPH) Adrian Billups scores
|
Batting: RHB Ike Trout
|
0-0: DOUBLE (Flyball, 8RXD, EV 96.9 MPH) Brandon Burrell scores
|
Batting: LHB Javier Rubio
|
0-0: Called Strike 0-1: Called Strike 0-2: Ball 1-2: Fly out, F9 (Flyball, 9S, EV 87.5 MPH)
|
Batting: RHB Jose Ramos
|
0-0: Ball 1-0: SINGLE (Groundball, 56D, EV 100.6 MPH) Ike Trout to third Runner from 3rd tries for Home, SAFE, throw by LF to home
|
Pitching: RHP Chase Joy
|
|
Batting: RHB Peter Wheeler
|
0-0: Ball 1-0: Ball 2-0: Ball 3-0: Base on Balls Jose Ramos to second
|
Batting: RHB David Zelaya
|
0-0: Ball 1-0: Foul Ball, location: 2F 1-1: Ball 2-1: Ball 3-1: Swinging Strike 3-2: Foul Ball, location: 2F 3-2: Foul Ball, location: 2F 3-2: Strikes out swinging
|
Bottom of the 5th over - 3 runs, 4 hits, 0 errors, 2 left on base; Salem-Keizer 6 - Rome 5 |
TOP OF THE 6TH |
Salem-Keizer Volcanoes batting - Pitching for Rome Braves : RHP Omar Orosco
|
Batting: LHB Ryan Anderson
|
0-0: Foul Ball, location: 2F 0-1: Swinging Strike 0-2: Strikes out looking
|
Batting: RHB Alfredo Lemus
|
0-0: Called Strike 0-1: Ball 1-1: Foul Ball, location: 2F 1-2: Ball 2-2: Ball 3-2: Strikes out swinging
|
Batting: RHB Ryan Johnston
|
0-0: Swinging Strike 0-1: Called Strike 0-2: Foul Ball, location: 2F 0-2: Ball 1-2: Strikes out swinging
|
Top of the 6th over - 0 runs, 0 hits, 0 errors, 0 left on base; Salem-Keizer 6 - Rome 5 |
BOTTOM OF THE 6TH |
Rome Braves batting - Pitching for Salem-Keizer Volcanoes : RHP Chase Joy
|
Batting: LHB Malik Boulay
|
0-0: Ball 1-0: Fly out, F8 (Line Drive, 8LD, EV 88.1 MPH)
|
Batting: RHB Adrian Billups
|
0-0: Ball 1-0: Ball 2-0: Called Strike 2-1: Ground out 5-3 (Groundball, 56, EV 82.5 MPH)
|
Batting: LHB Tsutomu Miyahara
|
0-0: DOUBLE (Groundball, 3L, EV 98.8 MPH)
|
Batting: RHB Brandon Burrell
|
0-0: Ground out 6-3 (Groundball, 6, EV 108.1 MPH)
|
Bottom of the 6th over - 0 runs, 1 hit, 0 errors, 1 left on base; Salem-Keizer 6 - Rome 5 |
TOP OF THE 7TH |
Salem-Keizer Volcanoes batting - Pitching for Rome Braves : RHP Omar Orosco
|
Pinch Hitting: LHB John Whitman
|
0-0: Ball 1-0: Called Strike 1-1: Foul Ball, location: 2F 1-2: Ball 2-2: Strikes out swinging
|
Batting: LHB Pat Aviles
|
0-0: Foul Ball, location: 2F 0-1: Called Strike 0-2: Ball 1-2: Ball 2-2: Ball 3-2: Foul Ball, location: 2F 3-2: Foul Ball, location: 2F 3-2: Foul Ball, location: 2F 3-2: Ground out 5-3 (Groundball, 56S, EV 75.6 MPH)
|
Batting: LHB Gil Caraveo
|
0-0: Ground out 6-3 (Groundball, 6, EV 103.1 MPH)
|
Top of the 7th over - 0 runs, 0 hits, 0 errors, 0 left on base; Salem-Keizer 6 - Rome 5 |
BOTTOM OF THE 7TH |
Rome Braves batting - Pitching for Salem-Keizer Volcanoes : RHP Chase Joy
|
Pitching: RHP Lorenzo de Jesus
|
|
Now at 3B: John Tyra
|
|
Batting: RHB Ike Trout
|
0-0: Called Strike 0-1: Called Strike 0-2: Ball 1-2: Ball 2-2: Ball 3-2: Fly out, F7 (Flyball, 7D, EV 105.0 MPH)
|
Batting: LHB Javier Rubio
|
0-0: Swinging Strike 0-1: Ball 1-1: Ball 2-1: Called Strike 2-2: Ground out 6-3 (Groundball, 6, EV 89.4 MPH)
|
Batting: RHB Jose Ramos
|
0-0: Called Strike 0-1: Ball 1-1: Ball 2-1: Ball 3-1: Swinging Strike 3-2: Foul Ball, location: 2F 3-2: Fly out, F9 (Flyball, 9D, EV 106.3 MPH)
|
Bottom of the 7th over - 0 runs, 0 hits, 0 errors, 0 left on base; Salem-Keizer 6 - Rome 5 |
TOP OF THE 8TH |
Salem-Keizer Volcanoes batting - Pitching for Rome Braves : RHP Omar Orosco
|
Pitching: RHP Dan Spahn
|
|
Batting: RHB Justin Layton
|
0-0: Called Strike 0-1: Swinging Strike 0-2: Strikes out swinging
|
Batting: LHB Al Hernandez
|
0-0: Swinging Strike 0-1: Ball 1-1: DOUBLE (Flyball, 8RXD, EV 108.8 MPH)
|
Batting: RHB Gabe Ochoa
|
0-0: Ground out U3 (Groundball, 34S, EV 91.3 MPH) Al Hernandez to third
|
Batting: LHB Ryan Anderson
|
0-0: Ball 1-0: Called Strike 1-1: Ball 2-1: Foul Ball, location: 2F 2-2: Strikes out swinging
|
Top of the 8th over - 0 runs, 1 hit, 0 errors, 1 left on base; Salem-Keizer 6 - Rome 5 |
BOTTOM OF THE 8TH |
Rome Braves batting - Pitching for Salem-Keizer Volcanoes : RHP Lorenzo de Jesus
|
Pitching: RHP Art Crouch
|
|
Pinch Hitting: LHB Mike Tenorio
|
0-0: Called Strike 0-1: Ball 1-1: Ball 2-1: Ball 3-1: Foul Ball, location: 2F 3-2: Strikes out looking
|
Batting: RHB David Zelaya
|
0-0: Foul Ball, location: 2F 0-1: Called Strike 0-2: Strikes out swinging
|
Batting: LHB Malik Boulay
|
0-0: Ball 1-0: Ball 2-0: Ball 3-0: Called Strike 3-1: Ground out 4-3 (Groundball, 4S, EV 88.8 MPH)
|
Bottom of the 8th over - 0 runs, 0 hits, 0 errors, 0 left on base; Salem-Keizer 6 - Rome 5 |
TOP OF THE 9TH |
Salem-Keizer Volcanoes batting - Pitching for Rome Braves : RHP Dan Spahn
|
Pitching: RHP Bobby Feig
|
|
Now at 1B: Mike Tenorio
|
|
Now at 3B: Ike Trout
|
|
Batting: RHB Alfredo Lemus
|
0-0: Swinging Strike 0-1: Ball 1-1: Ball 2-1: Ball 3-1: Swinging Strike 3-2: Strikes out looking
|
Batting: RHB Ryan Johnston
|
0-0: Ball 1-0: Called Strike 1-1: Ball 2-1: Called Strike 2-2: SINGLE (Groundball, 5D, EV 104.4 MPH)
|
Batting: RHB John Tyra
|
0-0: Called Strike 0-1: Called Strike 0-2: Fielders Choice at 2nd, 4-6 (Groundball, 4, EV 77.5 MPH)
|
Batting: LHB Pat Aviles
|
0-0: Called Strike 0-1: Foul Ball, location: 2F 0-2: TRIPLE (Flyball, 8LXD, EV 89.4 MPH) John Tyra scores
|
Batting: LHB Gil Caraveo
|
0-0: Ball 1-0: Swinging Strike 1-1: Ball 2-1: DOUBLE (Groundball, 3L, EV 94.4 MPH) Pat Aviles scores
|
Pitching: RHP Jaime Dunning
|
|
Batting: RHB Justin Layton
|
0-0: Ball 1-0: Ball 2-0: Ball 3-0: Base on Balls
|
Batting: LHB Al Hernandez
|
0-0: Foul Ball, location: 2F 0-1: SINGLE (Groundball, 4MD, EV 103.1 MPH) Gil Caraveo to third Justin Layton to second Runner from 3rd tries for Home, throw by CF and OUT! 8-2
|
Top of the 9th over - 2 runs, 4 hits, 0 errors, 2 left on base; Salem-Keizer 8 - Rome 5 |
BOTTOM OF THE 9TH |
Rome Braves batting - Pitching for Salem-Keizer Volcanoes : RHP Art Crouch
|
Pitching: LHP Caleb Mullinax
|
|
Batting: RHB Adrian Billups
|
0-0: Ball 1-0: Ball 2-0: Ball 3-0: Called Strike 3-1: Called Strike 3-2: Base on Balls
|
Batting: LHB Tsutomu Miyahara
|
0-0: Ball 1-0: SINGLE (Line Drive, 8RS, EV 102.5 MPH) Adrian Billups to second
|
Batting: RHB Brandon Burrell
|
0-0: Grounds into double play, 6-4-3 (Groundball, 56, EV 87.5 MPH) Adrian Billups to third
|
Batting: RHB Ike Trout
|
0-0: Called Strike 0-1: Called Strike 0-2: Ball 1-2: Foul Ball, location: 2F 1-2: Ball 2-2: Foul Ball, location: 2F 2-2: SINGLE (Groundball, 4M, EV 103.1 MPH) (infield hit) Adrian Billups scores
|
Batting: LHB Javier Rubio
|
0-0: Ground out U3 (Groundball, 23, EV 83.8 MPH)
|
Bottom of the 9th over - 1 run, 2 hits, 0 errors, 1 left on base; Salem-Keizer 8 - Rome 6 |
|